 Dungeon Crawl Stone Soup version 0.29-a0-364-g921d912d32 (webtiles) character file.

Game seed: 13178144443504716897

268 ptdevnull the Stinger (level 6, 40/40 HPs)
             Began as an Octopode Venom Mage on Apr 30, 2022.
             Was an Initiate of Dithmenos.
             Quit the game on level 4 of the Dungeon.
             The game lasted 00:13:50 (4829 turns).

ptdevnull the Stinger (Octopode Venom Mage)         Turns: 4829, Time: 00:13:51

Health: 40/40      AC:  1    Str:  8    XL:     6   Next: 21%
Magic:  10/10      EV: 17    Int: 19    God:    Dithmenos [......]
Gold:   254        SH:  0    Dex: 12    Spells: 5/11 levels left

rFire   . . .      SeeInvis .     - Unarmed
rCold   . . .      Faith    .   (no shield)
rNeg    . . .      Spirit   .   (helmet restricted)
rPois   .          Reflect  .   (no amulet)
rElec   .          Harm     .   i - +4 ring of evasion
rCorr   .          Rampage  .   (no ring)
Will    .....                   (no ring)
Stlth   +++.......              (no ring)
HPRegen 0.13/turn               (no ring)
MPRegen 0.12/turn               (no ring)
                                (no ring)
                                (no ring)

@: no status effects
A: almost no armour, amphibious, 8 rings, camouflage 1, gelatinous body 1,
(nimble swimmer 1), tentacles
a: Renounce Religion


You were on level 4 of the Dungeon.
You worshipped Dithmenos.
Dithmenos was noncommittal.
You visited 1 branch of the dungeon, and saw 4 of its levels.

You collected 254 gold pieces.

Inventory:

Missiles
 t - a throwing net
Armour
 u - an orb of mayhem
Jewellery
 h - a ring of fire
 i - a +4 ring of evasion (left tentacle)
 l - an amulet of magic regeneration
 n - a ring of magical power
Scrolls
 b - a scroll of summoning {unknown}
 d - 2 scrolls of amnesia {unknown}
 e - a scroll of fear {unknown}
 f - 4 scrolls of enchant weapon {unknown}
 g - 4 scrolls of identify {unknown}
 j - a scroll of holy word {unknown}
 o - a scroll of immolation {unknown}
 p - a scroll of magic mapping {unknown}
 q - a scroll of teleportation {unknown}
 r - a scroll of blinking {unknown}
Potions
 a - a potion of magic
 c - a potion of attraction {unknown}
 k - a potion of berserk rage {unknown}
 m - a potion of brilliance {unknown}
 s - 3 potions of degeneration {unknown}
 v - a potion of lignification {unknown}


   Skills:
 * Level 2.3 Fighting
 - Level 2.0 Dodging
 - Level 4.0 Stealth
 * Level 2.3 Unarmed Combat
 - Level 3.0 Spellcasting
 + Level 2.0 Transmutations
 - Level 5.0 Poison Magic


You had 5 spell levels left.
You knew the following spells:

 Your Spells              Type           Power      Damage    Failure   Level
a - Sting                 Tmut/Pois      64%        1d6       3%          1
b - Poisonous Vapours     Pois/Air       24%        N/A       9%          2
c - Mephitic Cloud        Conj/Pois/Air  9%         N/A       24%         3

Your spell library contained the following spells:

 Spells                   Type           Power      Damage    Failure   Level
 Olgreb's Toxic Radiance  Pois           21%        N/A       19%         4


Dungeon Overview and Level Annotations

Branches:
Dungeon (4/15)
 Temple: D:4-7

Altars:
Dithmenos
Uskayaw
Yredelemnul


Innate Abilities, Weirdness & Mutations

You cannot wear most types of armour.
You are amphibious.
You can wear up to eight rings at the same time.
Your skin changes colour to match your surroundings (Stealth+).
Your rubbery body absorbs attacks. (AC +1, EV +1)
((You are camouflaged when in or above water. (Stealth+)))
You have tentacles for arms and can constrict up to eight enemies at once.


Message History

Casting: Sting (safe; 3% risk of failure)
Confirm with . or Enter, or press ? or * to list all spells.
Aiming: Sting (safe; 3% risk of failure)
Press: ? - help, Shift-Dir - straight line, f - jackal
Aim: a jackal (67% to hit)
The sting misses the jackal.
Casting: Sting (safe; 3% risk of failure)
Confirm with . or Enter, or press ? or * to list all spells.
Aiming: Sting (safe; 3% risk of failure)
Press: ? - help, Shift-Dir - straight line, f/p - jackal
Aim: a jackal (67% to hit)
The sting misses the jackal.
The jackal barely misses you.
You tentacle-slap the jackal. Your grab misses the jackal.
Your squeeze misses the jackal.
The jackal is heavily wounded.
The jackal bites you. The jackal closely misses you.
You tentacle-slap the jackal but do no damage.
You grab the jackal.
The jackal is heavily wounded.
You constrict the jackal, but do no damage.
The jackal closely misses you.
You tentacle-slap the jackal but do no damage.
The jackal is moderately wounded.
You constrict the jackal. The jackal bites you.
You tentacle-slap the jackal.
You kill the jackal!
Dithmenos accepts your kill.
Your Transmutations skill increases to level 2!
You see here a jackal corpse.
You see here a +0 dagger.
You see here a jackal corpse.
Found a stone staircase leading down.
A quokka comes into view.
You closely miss the quokka. Your grab misses the quokka. The quokka bites you.
You tentacle-slap the quokka. You grab the quokka. You squeeze the quokka.
You kill the quokka!
Dithmenos accepts your kill.
An adder comes into view.
Found a scroll labelled ZELYJ DUIMENT.
Are you sure you want to abandon this character and quit the game? (Confirm with "yes".)

?......###
#........# ..
#..S.....# #..
.........####...
................
................
.....
..............#.
#...# #@.......#
....# ##..##...#
...# #..##...##
...# ##.# #...##
...#
#.###....####
...######
#..#........##
.........
#..#..##.....###
.........
##.....#..###....
........)
............##
#.###


You could see an adder (asleep).

Vanquished Creatures
  An ogre (D:4)
  An orc wizard (D:3)
  3 gnolls (D:4)
  4 adders
  3 worms
  2 dart slugs
  3 orcs (D:3)
  6 ball pythons
  4 bats
  6 endoplasms
  6 giant cockroaches
  4 goblins
  9 hobgoblins
  14 jackals
  A quokka (D:4)
  A frilled lizard (D:1)
  2 kobolds
  3 rats
73 creatures vanquished.

Notes
Turn   | Place    | Note
-------+----------+-------------------------------------------
     0 | D:1      | ptdevnull the Octopode Venom Mage began the quest for the
                  | Orb.
     0 | D:1      | Reached XP level 1. HP: 11/11 MP: 3/3
   120 | D:1      | Reached skill level 4 in Poison Magic
   190 | D:1      | Reached XP level 2. HP: 17/17 MP: 3/5
   686 | D:1      | Reached XP level 3. HP: 21/21 MP: 4/6
  1820 | D:2      | Learned a level 2 spell: Poisonous Vapours
  1824 | D:2      | Learned a level 3 spell: Mephitic Cloud
  1961 | D:2      | Found a faded altar of an unknown god.
  2014 | D:2      | Reached XP level 4. HP: 27/27 MP: 3/7
  3033 | D:3      | Found a basalt altar of Yredelemnul.
  3034 | D:3      | Found a hide-covered altar of Uskayaw.
  3411 | D:3      | Reached skill level 5 in Poison Magic
  3428 | D:3      | Reached XP level 5. HP: 21/32 MP: 3/9
  3835 | D:4      | Found a shadowy altar of Dithmenos.
  3843 | D:4      | Reached skill level 1 in Unarmed Combat
  3850 | D:4      | Became a worshipper of Dithmenos the Shadowed
  3892 | D:4      | Noticed an ogre
  3900 | D:4      | Reached skill level 1 in Fighting
  3906 | D:4      | Killed an ogre
  4041 | D:4      | Reached XP level 6. HP: 32/39 MP: 2/10
  4829 | D:4      | Quit the game

Illustrated notes

Levels and vault maps discovered:
D:1:      minmay_arrival_doors, layout_basic
D:2:      layout_loops_ring, ebering_ecumenical_altar_petrified
D:3:      layout_loops_corners, gammafunk_temple_overflow_statue
D:4:      layout_layer_cave, mainiacjoe_overflow_paths

Skill      XL: |  1  2  3  4  5  6 |
---------------+-------------------+-----
Poison Magic   | 4 5 |  5.0
Stealth        | 3 4 |  4.0
Spellcasting   | 3 |  3.0
Unarmed Combat | 2 |  2.3
Fighting       | 2 |  2.3
Transmutations | 2 |  2.0
Dodging        | |  2.0

Action                   |  1- 3 |  4- 6 || total
-------------------------+-------+-------++-------
Melee: Unarmed           |    30 |    74 ||   104
       Tentacles         |     8 |    21 ||    29
       Constrict         |     9 |    17 ||    26
       Punch             |     1 |     2 ||     3
 Cast: Sting             |    59 |    43 ||   102
       Poisonous Vapours |       |    13 ||    13
 Stab: Sleeping          |       |     4 ||     4
Armor: Skin              |     1 |       ||     1
Dodge: Dodged            |    30 |    63 ||    93

Table legend: (Time is in decaauts)
 A = Elapsed time spent in this place.
 B = Non-inter-level travel time spent in this place.
 C = Inter-level travel time spent in this place.
 D = Time resting spent in this place.
 E = Time spent auto-exploring this place.
 F = Levels seen in this place.
 G = Mean time per level.
                   A        B        C        D        E       F      G
               +--------+--------+--------+--------+--------+-----+--------+
         Total |   4826 |   4755 |     71 |   1077 |   2994 |   4 | 1206.5 |
       Dungeon |   4826 |   4755 |     71 |   1077 |   2994 |   4 | 1206.5 |
               +--------+--------+--------+--------+--------+-----+--------+

Top non-repeatable levels by time:
     D:1: 1465 daAuts
     D:3: 1230 daAuts
     D:2: 1138 daAuts
     D:4: 993 daAuts
